AoeStats
← Henrik

Nomad

510415089Analyzed
4v4 RM · 15h ago on Sep 30, 2026· 35m 37s· 8 players
Game mode
Random Map
Map size
231×231
Population
200
Speed
Normal
Resources
Standard
Victory
Conquest
Starting age
Dark Age
Ending age
Imperial Age
RankedLock teamsTeams togetherTeam positionsShared explorationLock speedFull tech treeHidden civsTurbo modeCheats
Victory
Defeat
🇨🇴 Malay · Colombia
953
+13
🇵🇪 Slavs · Peru
870
+16
🇦🇷 Khmer · Argentina
856
+17
🇦🇷 Franks · Argentina
855
+17
🇨🇳 Italians · China
918
-17
🇦🇷 Malians · Argentina
903
-17
🇨🇳 Goths · China
867
-15
🇨🇳 Vietnamese · China
841
-14
Letty
16:13 Feudal Age
23:58 Castle Age
23:42 Wheelbarrow
23:21 Double-Bit Axe
23:18 Horse Collar
23:32 Stone Mining
26:16 Bow Saw
27:22 Elite Skirmisher
30:42 Hand Cart
34:06 Gold Mining
Producto.Machete
5:02 Loom
15:33 Feudal Age
16:25 Double-Bit Axe
19:25 Castle Age
18:29 Town Watch
18:35 Fletching
18:33 Horse Collar
21:29 Tigui
22:07 Bow Saw
23:56 Wheelbarrow
24:20 Bodkin Arrow
32:03 Hand Cart
32:14 Gold Mining
495556203
3:51 Loom
14:26 Feudal Age
14:57 Man-at-Arms
15:28 Double-Bit Axe
15:43 Town Watch
17:56 Gold Mining
17:57 Stone Mining
19:44 Wheelbarrow
23:31 Forging
28:37 Castle Age
27:49 Fletching
28:56 Padded Archer Armor
Henrik
13:06 Loom
15:48 Feudal Age
16:14 Horse Collar
18:18 Man-at-Arms
20:51 Double-Bit Axe
25:49 Castle Age
27:03 Thumb Ring
28:51 Bow Saw
28:43 Heavy Plow
29:05 Stone Mining
29:10 Gold Mining
31:15 Medium Warships
TheCris
3:06 Loom
14:32 Feudal Age
15:17 Double-Bit Axe
16:23 Man-at-Arms
22:08 Forging
22:41 Fishing Lines
23:28 Horse Collar
28:03 Castle Age
26:27 Arson
27:09 Gold Mining
27:40 Gillnets
27:48 Long Swordsman
29:34 Iron Casting
31:19 Squires
32:47 Wheelbarrow
PNAL | FreakyTime1952
5:41 Loom
14:14 Feudal Age
17:18 Double-Bit Axe
19:15 Scale Barding Armor
22:08 Forging
25:05 Castle Age
26:06 Husbandry
26:39 Chain Barding Armor
32:16 Wheelbarrow
35:38 Hand Cart
35:10 Town Watch
TroyMCclure6232
4:19 Loom
13:14 Feudal Age
21:19 Castle Age
20:20 Double-Bit Axe
22:22 Crossbowman
23:19 Stone Mining
25:55 Fletching
29:12 Ballistics
31:18 Bodkin Arrow
31:24 Padded Archer Armor
Zorrito del Sur
16:46 Feudal Age
18:27 Fishing Lines
21:08 Castle Age
19:23 Horse Collar
19:36 Double-Bit Axe
19:51 Town Watch
20:35 Stone Mining
20:39 Gold Mining
22:07 Bow Saw
25:06 Wheelbarrow
26:27 Scale Barding Armor
26:33 Forging
26:25 Husbandry
26:35 Bloodlines
28:48 Fletching
29:29 Ballistics
Connection lost

Rejoining the realm…

Still unreachable

The connection could not be restored.

Session expired

The server has moved on; the page needs a fresh start.